TOP OF THE 1ST |
Delaware 1787 BC batting - Pitching for Walla Walla Walleye : RHP Ricky Parker
|
Pitching: RHP Ricky Parker
|
|
Batting: RHB Román Ramírez
|
0-0: Fly out, F4 (Line Drive, 4)
|
Batting: LHB Lucas Hancox
|
0-0: Called Strike 0-1: Ball 1-1: Foul Ball, location: 2F 1-2: Reached on error, E4 (Groundball, 4)
|
Batting: RHB Zacarías Salazar
|
0-0: Called Strike 0-1: SINGLE (Groundball, 6MD) Lucas Hancox to third
|
Batting: RHB Carlos Mendoza
|
0-0: Ball 1-0: Fly out, F9 (Flyball, 9S)
|
Batting: LHB Manuel Gonzáles
|
0-0: Foul Ball, location: 2F 0-1: Ball 1-1: Ground out 4-3 (Groundball, 4S)
|
Top of the 1st over - 0 runs, 1 hit, 1 error, 2 left on base; Delaware 0 - Walla Walla 0 |
BOTTOM OF THE 1ST |
Walla Walla Walleye batting - Pitching for Delaware 1787 BC : RHP Domingo Llacer
|
Pitching: RHP Domingo Llacer
|
|
Batting: LHB Juan Huerta
|
0-0: Ball 1-0: Called Strike 1-1: Fly out, F8 (Flyball, 8LS)
|
Batting: RHB Isagani Gorre
|
0-0: Ball 1-0: Ball 2-0: Fly out, F7 (Flyball, 78XD)
|
Batting: LHB Andrés Rodríguez
|
0-0: Called Strike 0-1: Called Strike 0-2: Ball 1-2: Fly out, F7 (Line Drive, 7)
|
Bottom of the 1st over - 0 runs, 0 hits, 0 errors, 0 left on base; Delaware 0 - Walla Walla 0 |
TOP OF THE 2ND |
Delaware 1787 BC batting - Pitching for Walla Walla Walleye : RHP Ricky Parker
|
Batting: LHB Michael Simmons
|
0-0: Ball 1-0: Swinging Strike 1-1: Foul Ball, location: 2F 1-2: Fly out, F8 (Flyball, 8LM)
|
Batting: RHB Andrew Irwin
|
0-0: Ball 1-0: Swinging Strike 1-1: Ball 2-1: Foul Ball, location: 2F 2-2: Foul Ball, location: 2F 2-2: Strikes out swinging
|
Batting: RHB Tomás Flores
|
0-0: Bunted foul 0-1: Ball 1-1: Foul Ball, location: 2F 1-2: Ball 2-2: SINGLE (Groundball, 6MD)
|
Batting: RHB Claxton Derringer
|
0-0: Fielders Choice at 2nd, 6-4 (Groundball, 6)
|
Top of the 2nd over - 0 runs, 1 hit, 0 errors, 1 left on base; Delaware 0 - Walla Walla 0 |
BOTTOM OF THE 2ND |
Walla Walla Walleye batting - Pitching for Delaware 1787 BC : RHP Domingo Llacer
|
Batting: RHB Raúl Maradona
|
0-0: Called Strike 0-1: Foul Ball, location: 2F 0-2: Foul Ball, location: 2F 0-2: Strikes out swinging
|
Batting: RHB Germán Gracía
|
0-0: Foul Ball, location: 2F 0-1: Called Strike 0-2: Ball 1-2: Ball 2-2: Ball 3-2: Ground out 6-3 (Groundball, 6)
|
Batting: RHB Ralph Sands
|
0-0: Called Strike 0-1: Foul Ball, location: 2F 0-2: Ball 1-2: Strikes out looking
|
Bottom of the 2nd over - 0 runs, 0 hits, 0 errors, 0 left on base; Delaware 0 - Walla Walla 0 |
TOP OF THE 3RD |
Delaware 1787 BC batting - Pitching for Walla Walla Walleye : RHP Ricky Parker
|
Batting: RHB Román Ramírez
|
0-0: Ball 1-0: Ball 2-0: Foul Ball, location: 2F 2-1: Foul Ball, location: 2F 2-2: SINGLE (Groundball, 34D)
|
Batting: LHB Lucas Hancox
|
0-0: Fly out, F7 (Line Drive, 78M)
|
Batting: RHB Zacarías Salazar
|
0-0: Ball 1-0: Hit by Pitch Román Ramírez to second
|
Batting: RHB Carlos Mendoza
|
0-0: Ball 1-0: Fly out, F8 (Flyball, 89D) Runner from 2nd tags up, SAFE at 3rd, no throw
|
Batting: LHB Manuel Gonzáles
|
0-0: Ball 1-0: Ball 2-0: Ground out 4-3 (Groundball, 4)
|
Top of the 3rd over - 0 runs, 1 hit, 0 errors, 2 left on base; Delaware 0 - Walla Walla 0 |
BOTTOM OF THE 3RD |
Walla Walla Walleye batting - Pitching for Delaware 1787 BC : RHP Domingo Llacer
|
Batting: RHB Alejandro Blasco
|
0-0: Ball 1-0: Called Strike 1-1: Ground out 6-3 (Groundball, 6MS)
|
Batting: RHB Manny Moons
|
0-0: Ground out 6-3 (Groundball, 6)
|
Batting: RHB Javier Vázquez
|
0-0: Foul Ball, location: 2F 0-1: Ball 1-1: Ball 2-1: Foul Ball, location: 2F 2-2: Ball 3-2: Base on Balls
|
Batting: LHB Juan Huerta
|
0-0: Called Strike Javier Vázquez steals 2nd base 0-1: Fly out, F7 (Line Drive, 7D)
|
Bottom of the 3rd over - 0 runs, 0 hits, 0 errors, 1 left on base; Delaware 0 - Walla Walla 0 |
TOP OF THE 4TH |
Delaware 1787 BC batting - Pitching for Walla Walla Walleye : RHP Ricky Parker
|
Batting: LHB Michael Simmons
|
0-0: Ball 1-0: Foul Ball, location: 2F 1-1: Ground out 5-3 (Groundball, 56)
|
Batting: RHB Andrew Irwin
|
0-0: Called Strike 0-1: Fly out, F9 (Flyball, 89M)
|
Batting: RHB Tomás Flores
|
0-0: Ball 1-0: SINGLE (Flyball, 7S)
|
Batting: RHB Claxton Derringer
|
0-0: Ball Tomás Flores steals 2nd base 1-0: Called Strike 1-1: Ball 2-1: Ball 3-1: Called Strike 3-2: Strikes out swinging
|
Top of the 4th over - 0 runs, 1 hit, 0 errors, 1 left on base; Delaware 0 - Walla Walla 0 |
BOTTOM OF THE 4TH |
Walla Walla Walleye batting - Pitching for Delaware 1787 BC : RHP Domingo Llacer
|
Batting: RHB Isagani Gorre
|
0-0: Called Strike 0-1: Ball 1-1: Swinging Strike 1-2: Ball 2-2: Strikes out swinging
|
Batting: LHB Andrés Rodríguez
|
0-0: Swinging Strike 0-1: DOUBLE (Line Drive, 5D)
|
Batting: RHB Raúl Maradona
|
0-0: Foul Ball, location: 2F 0-1: Swinging Strike 0-2: SINGLE (Line Drive, 78S) Andrés Rodríguez to third Runner from 3rd tries for Home, SAFE, throw made home
|
Batting: RHB Germán Gracía
|
0-0: SINGLE (Line Drive, 6MD) Raúl Maradona to second Raúl Maradona to third
|
Batting: RHB Ralph Sands
|
0-0: Foul Ball, location: 2F 0-1: Ball 1-1: SINGLE (Flyball, 9LS) Raúl Maradona scores Germán Gracía to second Runner from 2nd tries for 3rd, SAFE, no throw
|
Batting: RHB Alejandro Blasco
|
0-0: Called Strike 0-1: Ball 1-1: Ball 2-1: Called Strike 2-2: SINGLE (Groundball, 6MD) Germán Gracía scores Ralph Sands to second
|
Batting: RHB Manny Moons
|
0-0: Ball 1-0: Called Strike 1-1: SINGLE (Line Drive, 6MD) Ralph Sands to third Alejandro Blasco to second Runner from 3rd tries for Home, SAFE, no throw
|
Batting: RHB Javier Vázquez
|
0-0: Ball 1-0: Foul Ball, location: 2F 1-1: Ball 2-1: Ball 3-1: Grounds into double play, 5-4-3 (Groundball, 5)
|
Bottom of the 4th over - 4 runs, 6 hits, 0 errors, 1 left on base; Delaware 0 - Walla Walla 4 |
TOP OF THE 5TH |
Delaware 1787 BC batting - Pitching for Walla Walla Walleye : RHP Ricky Parker
|
Batting: RHB Román Ramírez
|
0-0: Swinging Strike 0-1: Called Strike 0-2: Ball 1-2: DOUBLE (Line Drive, 8LD)
|
Batting: LHB Lucas Hancox
|
0-0: Called Strike 0-1: Ground out 4-3 (Groundball, 4M) Román Ramírez to third
|
Batting: RHB Zacarías Salazar
|
0-0: Ball 1-0: Called Strike 1-1: Ground out 3-1 (Groundball, 34) Román Ramírez scores
|
Batting: RHB Carlos Mendoza
|
0-0: Swinging Strike 0-1: Foul Ball, location: 2F 0-2: Ball 1-2: Strikes out looking
|
Top of the 5th over - 1 run, 1 hit, 0 errors, 0 left on base; Delaware 1 - Walla Walla 4 |
BOTTOM OF THE 5TH |
Walla Walla Walleye batting - Pitching for Delaware 1787 BC : RHP Domingo Llacer
|
Batting: LHB Juan Huerta
|
0-0: Called Strike 0-1: Fly out, F7 (Line Drive, 7)
|
Batting: RHB Isagani Gorre
|
0-0: Foul Ball, location: 2F 0-1: Swinging Strike 0-2: Ball 1-2: Ball 2-2: Strikes out swinging
|
Batting: LHB Andrés Rodríguez
|
0-0: Ball 1-0: Ball 2-0: Called Strike 2-1: Foul Ball, location: 2F 2-2: DOUBLE (Line Drive, 9LM)
|
Batting: RHB Raúl Maradona
|
0-0: Called Strike 0-1: Ball 1-1: SINGLE (Groundball, 6D) Andrés Rodríguez to third Runner from 3rd tries for Home, throw and OUT!
|
Bottom of the 5th over - 0 runs, 2 hits, 0 errors, 1 left on base; Delaware 1 - Walla Walla 4 |
TOP OF THE 6TH |
Delaware 1787 BC batting - Pitching for Walla Walla Walleye : RHP Ricky Parker
|
Batting: LHB Manuel Gonzáles
|
0-0: Ball 1-0: Ball 2-0: Called Strike 2-1: Ball 3-1: Base on Balls
|
Batting: LHB Michael Simmons
|
0-0: Ball 1-0: Ball 2-0: Ball 3-0: Called Strike 3-1: Bunted foul 3-2: Foul Ball, location: 2F 3-2: Foul Ball, location: 2F 3-2: Ground out 6-3 (Groundball, 6S) Manuel Gonzáles to second
|
Batting: RHB Andrew Irwin
|
0-0: Ball 1-0: SINGLE (Line Drive, 8LS) Manuel Gonzáles to third
|
Batting: RHB Tomás Flores
|
0-0: Foul Ball, location: 2F 0-1: Fielders Choice at 2nd, 5-4 (Groundball, 56) Manuel Gonzáles scores
|
Batting: RHB Claxton Derringer
|
0-0: Ball 1-0: Called Strike Tomás Flores steals 2nd base 1-1: Ball 2-1: Fly out, F6 (Popup, 6)
|
Top of the 6th over - 1 run, 1 hit, 0 errors, 1 left on base; Delaware 2 - Walla Walla 4 |
BOTTOM OF THE 6TH |
Walla Walla Walleye batting - Pitching for Delaware 1787 BC : RHP Domingo Llacer
|
Batting: RHB Germán Gracía
|
0-0: Called Strike 0-1: Foul Ball, location: 2F 0-2: Ball 1-2: Strikes out looking
|
Batting: RHB Ralph Sands
|
0-0: Called Strike 0-1: Foul Ball, location: 2F 0-2: Ball 1-2: Fly out, F4 (Popup, 34)
|
Batting: RHB Alejandro Blasco
|
0-0: Foul Ball, location: 2F 0-1: Ball 1-1: Ball 2-1: SINGLE (Groundball, 4MD)
|
Batting: RHB Manny Moons
|
0-0: Called Strike 0-1: Ball 1-1: Foul Ball, location: 2F 1-2: Ball Wild Pitch! Alejandro Blasco to second 2-2: Ball 3-2: Strikes out swinging
|
Bottom of the 6th over - 0 runs, 1 hit, 0 errors, 1 left on base; Delaware 2 - Walla Walla 4 |
TOP OF THE 7TH |
Delaware 1787 BC batting - Pitching for Walla Walla Walleye : RHP Ricky Parker
|
Batting: RHB Román Ramírez
|
0-0: Called Strike 0-1: Ground out U3 (Groundball, 34S)
|
Batting: LHB Lucas Hancox
|
0-0: Foul Ball, location: 2F 0-1: Ball 1-1: SINGLE (Groundball, 4MD)
|
Pitching: RHP Hwen-thiang Goei
|
|
Batting: RHB Zacarías Salazar
|
0-0: Called Strike 0-1: Fly out, F6 (Line Drive, 6)
|
Batting: RHB Carlos Mendoza
|
0-0: Called Strike 0-1: Foul Ball, location: 2F 0-2: Ball 1-2: Strikes out looking
|
Top of the 7th over - 0 runs, 1 hit, 0 errors, 1 left on base; Delaware 2 - Walla Walla 4 |
BOTTOM OF THE 7TH |
Walla Walla Walleye batting - Pitching for Delaware 1787 BC : RHP Domingo Llacer
|
Batting: RHB Javier Vázquez
|
0-0: Swinging Strike 0-1: Ball 1-1: Ball 2-1: Ground out 5-3 (Groundball, 56)
|
Batting: LHB Juan Huerta
|
0-0: Called Strike 0-1: Ball 1-1: SINGLE (Groundball, 4MD)
|
Batting: RHB Isagani Gorre
|
0-0: Ball 1-0: Foul Ball, location: 2F 1-1: Ball 2-1: Ball 3-1: Foul Ball, location: 2F 3-2: SINGLE (Line Drive, 7S) Juan Huerta to second
|
Pitching: LHP César Pérez
|
|
Batting: LHB Andrés Rodríguez
|
0-0: Called Strike 0-1: Foul Ball, location: 2F 0-2: Ball 1-2: Fly out, F7 (Flyball, 7LS)
|
Batting: RHB Raúl Maradona
|
0-0: Ball 1-0: Fly out, F9 (Flyball, 9D)
|
Bottom of the 7th over - 0 runs, 2 hits, 0 errors, 2 left on base; Delaware 2 - Walla Walla 4 |
TOP OF THE 8TH |
Delaware 1787 BC batting - Pitching for Walla Walla Walleye : RHP Hwen-thiang Goei
|
Pitching: RHP Jasper Jordan
|
|
Batting: LHB Manuel Gonzáles
|
0-0: Ball 1-0: Foul Ball, location: 2F 1-1: Called Strike 1-2: Strikes out swinging
|
Batting: LHB Michael Simmons
|
0-0: Foul Ball, location: 2F 0-1: Ball 1-1: Called Strike 1-2: Ball 2-2: Foul Ball, location: 2F 2-2: Ball 3-2: Foul Ball, location: 2F 3-2: Base on Balls
|
Batting: RHB Andrew Irwin
|
0-0: DOUBLE (Flyball, 78D) Michael Simmons to third
|
Batting: RHB Tomás Flores
|
0-0: Ball 1-0: Swinging Strike 1-1: Ball 2-1: Foul Ball, location: 2F 2-2: Strikes out swinging
|
Batting: RHB Claxton Derringer
|
0-0: Called Strike 0-1: Ball 1-1: Called Strike 1-2: Strikes out swinging
|
Top of the 8th over - 0 runs, 1 hit, 0 errors, 2 left on base; Delaware 2 - Walla Walla 4 |
BOTTOM OF THE 8TH |
Walla Walla Walleye batting - Pitching for Delaware 1787 BC : LHP César Pérez
|
Batting: RHB Germán Gracía
|
0-0: Ball 1-0: Ball 2-0: Fly out, F7 (Flyball, 7)
|
Batting: RHB Ralph Sands
|
0-0: Ball 1-0: Swinging Strike 1-1: Foul Ball, location: 2F 1-2: Strikes out swinging
|
Batting: RHB Alejandro Blasco
|
0-0: Ball 1-0: Called Strike 1-1: Fly out, F5 (Popup, 15S)
|
Bottom of the 8th over - 0 runs, 0 hits, 0 errors, 0 left on base; Delaware 2 - Walla Walla 4 |
TOP OF THE 9TH |
Delaware 1787 BC batting - Pitching for Walla Walla Walleye : RHP Jasper Jordan
|
Batting: RHB Román Ramírez
|
0-0: Ball 1-0: Ball 2-0: Ball 3-0: Base on Balls
|
Batting: LHB Lucas Hancox
|
0-0: Ground out 4-3 (Groundball, 4S) Román Ramírez to second
|
Batting: RHB Zacarías Salazar
|
0-0: Ball 1-0: Called Strike 1-1: Foul Ball, location: 2F 1-2: Strikes out swinging
|
Batting: RHB Carlos Mendoza
|
0-0: Swinging Strike 0-1: Ball 1-1: Ball 2-1: Ball 3-1: Base on Balls
|
Batting: LHB Manuel Gonzáles
|
0-0: Called Strike 0-1: Ball 1-1: Ball 2-1: SINGLE (Flyball, 8LS) Román Ramírez to third Carlos Mendoza to second
|
Pitching: RHP Pepe Pereira
|
|
Batting: LHB Michael Simmons
|
0-0: Foul Ball, location: 2F 0-1: Ground out U3 (Groundball, 3L)
|
Top of the 9th over - 0 runs, 1 hit, 0 errors, 3 left on base; Delaware 2 - Walla Walla 4 |
|